 Dungeon Sprint DCSS version 0.19-a0-1834-g6b7851e (webtiles) character file.

1231 pasperui the Basher (level 8, -3/88 HPs)
             Began as an Ogre Fighter on Oct 9, 2016.
             Was an Initiate of Hepliaklqana.
             Slain by Sonja
             ... wielding a +0 short sword of distortion
              (19 damage)
             ... in the Dungeon (Sprint I: "Red Sonja").
             The game lasted 00:03:38 (560 turns).

pasperui the Basher (Ogre Fighter)                   Turns: 560, Time: 00:03:39

Health: -3/88      AC:  3    Str: 24    XL:     8   Next: 48%
Magic:  16/16      EV: 10    Int:  7    God:    Hepliaklqana [......]
Gold:   270        SH:  0    Dex:  9    Spells: 0 memorised, 7 levels left

rFire  . . .     SeeInvis .     j - +0 giant club
rCold  + . .     Gourm    .     n - +0 robe {rC+}
rNeg   . . .     Faith    .     (shield currently unavailable)
rPois  .         Spirit   .     (helmet restricted)
rElec  .         Dismiss  .     (no cloak)
rCorr  .         Reflect  .     (gloves unavailable)
MR     .....     Harm     .     (boots unavailable)
Stlth  +......... NoTele   +    (no amulet)
                                (no ring)
                                (no ring)

@: no status effects
A: unfitting armour, reduced essence, tough skin 1
a: Recall Ancestor, Ancestor Identity, Renounce Religion


You were in the Dungeon.
You worshipped Hepliaklqana.
Hepliaklqana was noncommittal.
You were not hungry.

You visited 1 branch You collected 270 gold pieces.

Inventory:

Hand Weapons
 a - a +0 flail
 j - a +0 giant club (weapon)
 m - a +0 scythe
Armour
 b - a +0 robe
 c - a +0 shield
 n - a +0 robe of cold resistance (worn)
 p - a +0 shield
Scrolls
 k - a scroll of blinking
 o - a scroll of remove curse {unknown}
Potions
 d - a potion of might
 e - a potion of curing
 g - a potion of heal wounds
 h - a potion of haste
 i - 2 potions of magic
Comestibles
 f - a bread ration


   Skills:
 - Level 12.0 Fighting
 * Level 13.6 Maces & Flails
 - Level 6.3 Throwing
 - Level 2.6 Dodging
 - Level 2.6 Shields
 - Level 10.7 Invocations


You had 7 spell levels left.
You didn't know any spells.

Dungeon Overview and Level Annotations

Branches:
Dungeon (1/1)

Altars:
Cheibriados
Dithmenos
Elyvilon
Fedhas
Gozag
Hepliaklqana
Kikubaaqudgha
Makhleb
Nemelex Xobeh
Okawaru
Qazlal
Ru
Sif Muna
Trog
Uskayaw
Vehumet
Xom
Yredelemnul
Zin
The Shining One
Jiyva
Lugonu

Shops:
D }

Annotations:
D Sonja


Innate Abilities, Weirdness & Mutations

You are too large for most types of armour.
You have tough skin. (AC +1)
Your life essence is reduced. (-10% HP)


Message History

Sonja hits you with an uncursed short sword of distortion.
You feel a strange sense of stasis.
Zimri-Dagan completely misses Sonja.
You completely miss Sonja.
Sonja hits you with an uncursed short sword of distortion!
You feel a strange sense of stasis.
Sonja hits you with an uncursed short sword of distortion.
You feel a strange sense of stasis.
Sonja hits you with an uncursed short sword of distortion.
Space warps horribly around you!
* * * LOW HITPOINT WARNING * * *
Zimri-Dagan misses Sonja.
Sonja hits you with an uncursed short sword of distortion.
* * * LOW HITPOINT WARNING * * *
Space bends around you.
* * * LOW HITPOINT WARNING * * *
Sonja hits you but does no damage.
You feel a strange sense of stasis.
Sonja hits you with an uncursed short sword of distortion.
* * * LOW HITPOINT WARNING * * *
Space warps horribly around you!
You die...

##########################
#<.#..÷..#..'..#__#..)...#
#..').#..'..#..'..'..#...#
#..#####'#####+#__####...+
#..####..# #)#### #####
#..#__#### ##.#
#..#_____##+#..+
#⌠⌠#_.∩...+K.._#
####_..__##@R#+#
#_____###§#.# ####### .###
.$ .$# .## +#


You could see the friendly Zimri-Dagan the ancestor and Sonja.

Vanquished Creatures
  2 kobold demonologists (D)
  Sigmund (D)
  A yak (D)
  A floating eye (D)
  An ogre (D)
  A jelly (D)
  Ijyb (D)
8 creatures vanquished.

Vanquished Creatures (collateral kills)
  A slime creature (D)
1 creature vanquished.

Vanquished Creatures (others)
  A gargoyle (D)
1 creature vanquished.

Grand Total: 10 creatures vanquished

Notes
Turn   | Place    | Note
-------+----------+-------------------------------------------
     0 | D        | pasperui the Ogre Fighter began the quest for the Orb.
     0 | D        | Reached XP level 1. HP: 24/24 MP: 1/1
     2 | D        | Noticed Ijyb
    18 | D        | Killed Ijyb
    18 | D        | Reached skill level 8 in Maces & Flails
    18 | D        | Reached XP level 2. HP: 9/32 MP: 2/2
    18 | D        | Reached XP level 3. HP: 11/39 MP: 3/3
   234 | D        | Noticed an ogre
   239 | D        | Killed an ogre
   239 | D        | Reached skill level 12 in Maces & Flails
   239 | D        | Reached XP level 4. HP: 48/48 MP: 4/4
   277 | D        | Noticed Sigmund
   280 | D        | Killed Sigmund
   280 | D        | Reached XP level 5. HP: 72/72 MP: 5/5
   280 | D        | Reached XP level 6. HP: 80/80 MP: 6/6
   305 | D        | Found a deep blue altar of Sif Muna.
   307 | D        | Found a radiant altar of Vehumet.
   326 | D        | Found Pengoyl's Gadget Emporium.
   326 | D        | Found an ancient bone altar of Kikubaaqudgha.
   326 | D        | Found a hazy altar of Hepliaklqana.
   326 | D        | Found a stormy altar of Qazlal.
   326 | D        | Found a hide-covered altar of Uskayaw.
   326 | D        | Found a blossoming altar of Fedhas.
   326 | D        | Found a bloodstained altar of Trog.
   326 | D        | Found an iron altar of Okawaru.
   326 | D        | Found a basalt altar of Yredelemnul.
   326 | D        | Found a glowing golden altar of the Shining One.
   326 | D        | Found a snail-covered altar of Cheibriados.
   326 | D        | Found a sacrificial altar of Ru.
   326 | D        | Found a glowing silver altar of Zin.
   326 | D        | Found a shadowy altar of Dithmenos.
   326 | D        | Found a white marble altar of Elyvilon.
   326 | D        | Noticed a yak
   332 | D        | Killed a yak
   333 | D        | Found an opulent altar of Gozag.
   334 | D        | Found a sparkling altar of Nemelex Xobeh.
   341 | D        | Became a worshipper of Hepliaklqana the Forgotten
   351 | D        | Found a burning altar of Makhleb.
   351 | D        | Found a viscous altar of Jiyva.
   351 | D        | Found a shimmering altar of Xom.
   351 | D        | Found a corrupted altar of Lugonu.
   351 | D        | Noticed a slime creature
   358 | D        | Killed a slime creature
   358 | D        | Reached XP level 7. HP: 45/81 MP: 6/11
   372 | D        | Killed a gargoyle
   512 | D        | Noticed a kobold demonologist
   513 | D        | Noticed a kobold demonologist
   517 | D        | Killed a kobold demonologist
   517 | D        | Reached skill level 10 in Invocations
   517 | D        | Reached XP level 8. HP: 88/88 MP: 11/16
   522 | D        | Killed a kobold demonologist
   522 | D        | Reached skill level 13 in Maces & Flails
   553 | D        | Noticed Sonja
   560 | D        | Slain by Sonja

Vault maps used:
D:        dungeon_sprint_1

Skill      XL: |  1  2  3  4  5  6  7  8 |
---------------+-------------------------+-----
Maces & Flails | 8 12 13 | 13.6
Fighting       | 11 12 | 12.0
Throwing       | 6 |  6.3
Invocations    | 6 10 | 10.7
Dodging        | |  2.6
Shields        | |  2.6

Action                   |  1- 3 |  4- 6 |  7- 9 || total
-------------------------+-------+-------+-------++-------
Melee: Flail             |    19 |       |       ||    19
       Giant club        |       |    14 |    13 ||    27
  Use: Potion            |     1 |       |       ||     1
Armor: Robe              |     2 |     2 |     4 ||     8
Dodge: Dodged            |     7 |     3 |     6 ||    16
Block: Shield            |     4 |       |       ||     4
